 Dungeon Crawl Stone Soup version 0.30-a0-21-g5d08c37080 (webtiles) character file.

Game seed: 8757021729576515649

296 Araneus the Cudgeller (level 6, 0/47 HPs)
             Began as a Demonspawn Fighter on Aug 24, 2022.
             Slain by Grinder (5 damage)
             ... while paralysed by Grinder
             ... on level 5 of the Dungeon.
             The game lasted 00:05:35 (3770 turns).

Araneus the Cudgeller (Demonspawn Fighter)          Turns: 3770, Time: 00:05:36

Health: 0/47       AC: 11    Str: 18    XL:     6   Next: 12%
Magic:  6/6        EV:  2    Int:  9    God:
Gold:   286        SH:  0    Dex: 13    Spells: 5/5 levels left

rFire   . . .      SeeInvis .    a - +0 flail
rCold   . . .      Faith    .    c - +0 buckler
rNeg    . . .      Spirit   .    n - +0 chain mail
rPois   .          Reflect  .    (no helmet)
rElec   .          Harm     .    m - +0 cloak
rCorr   .          Rampage  .    v - +0 pair of gloves
Will    .....                    (no boots)
Stlth   ..........               (no amulet)
HPRegen 0.15/turn                (no ring)
MPRegen 0.20/turn                (no ring)

@: paralysed, mighty, attractive
A: magic regeneration
a: no special abilities


You were on level 5 of the Dungeon.
You visited 1 branch of the dungeon, and saw 5 of its levels.

You collected 286 gold pieces.

Inventory:

Hand Weapons
 a - a +0 flail (weapon)
Armour
 c - a +0 buckler (worn)
 m - a +0 cloak (worn)
 n - a +0 chain mail (worn)
 v - a +0 pair of gloves (worn)
Jewellery
 b - a ring of flight
Wands
 y - a wand of charming (9)
Scrolls
 e - 3 scrolls of noise
 i - 2 scrolls of enchant weapon {unknown}
 j - a scroll of acquirement {unknown}
 k - 2 scrolls of poison {unknown}
 l - a scroll of fog {unknown}
 s - a scroll of teleportation {unknown}
 t - a scroll of fear {unknown}
 w - a scroll of enchant armour {unknown}
Potions
 g - a potion of attraction
 o - a potion of cancellation
 p - 2 potions of lignification {unknown}
 q - a potion of berserk rage {unknown}
 u - a potion of brilliance {unknown}
 x - a potion of curing {unknown}


   Skills:
 - Level 3.0 Fighting
 + Level 5.9 Maces & Flails
 - Level 2.6 Armour
 - Level 2.6 Shields


You had 5 spell levels left.
You didn't know any spells.
Your spell library contained the following spells:

 Spells                   Type           Power      Damage    Failure   Level
 Blink                    Tloc           0%         N/A       100%        2
 Manifold Assault         Tloc           0%         N/A       100%        5
 Storm Form               Tmut/Air       0%         N/A       100%        7


Dungeon Overview and Level Annotations

Branches:
Dungeon (5/15)
 Temple: D:4-7

Altars:
Xom

Annotations:
D:5 Grinder, Sigmund


Innate Abilities, Weirdness & Mutations

You regenerate magic rapidly.


Message History

You feel sick. The adder bites you but does no damage.
You block the orc's attack. Grinder hits you.
You writhe in agony.
Something bites the orc.
The adder closely misses you.
You closely miss Grinder.
Grinder is heavily wounded.
You feel sick. The orc completely misses you.
Something bites the orc.
The orc dies!
The adder bites you but does no damage.
Grinder blinks!
You closely miss the orc.
You feel sick. The orc hits you with a +0 dagger.
The adder bites you but does no damage. The orc hits you with a +0 dagger.
You thump the orc!
You kill the orc!
You feel sick.
You are no longer poisoned.
The adder bites you.
* * * LOW HITPOINT WARNING * * *
The adder bites the orc.
The orc dies!
The adder barely misses you. The hound bites you but does no damage.
The adder is attracted toward you. The adder attacks as you move away!
The adder bites you but does no damage.
Something bites the adder.
Grinder is attracted toward you. The adder bites you but does no damage.
Grinder hits you.
* * * LOW HITPOINT WARNING * * *
You writhe in agony.
* * * LOW HITPOINT WARNING * * *
The adder bites you but does no damage.
You barely miss Grinder.
Grinder is heavily wounded.
Grinder hits you.
* * * LOW HITPOINT WARNING * * *
The adder bites you.
* * * LOW HITPOINT WARNING * * *
You sock Grinder!
Grinder is severely wounded.
The adder closely misses the hound.
The adder bites you but does no damage. Grinder gestures at you.
You suddenly lose the ability to move!
The adder barely misses the hound.
The adder bites you but does no damage. Grinder hits you.
You die...

.#...... .......
#.. ......
##...#....
#....#...
####..##..
###..##.?.5#
#.......#.@#
#......##S# . ##
#....§)nh##...
~~≈##....#S......#
..~~..(.##.......#
...~....#........#
_..~.............#
☼☼.~####.#..<....#
..~ #..........#


You could see Grinder, a necrophage, a hound and 2 adders.

Vanquished Creatures
  A scorpion (D:5)
  The ghost of Plasmagod the Chopper, a weakling HOMo (D:3)
  2 jellies
  An iguana (D:4)
  3 adders
  5 worms
  4 dart slugs
  2 orcs
  6 endoplasms
  4 giant cockroaches
  2 goblins
  4 hobgoblins
  4 quokkas
  5 ball pythons
  5 bats
  6 frilled lizards
  3 kobolds (D:1)
  6 rats
64 creatures vanquished.

Vanquished Creatures (others)
  2 orcs (D:5)
  3 plants (D:5)
  A withered plant (D:3)
6 creatures vanquished.

Grand Total: 70 creatures vanquished

Notes
Turn   | Place    | Note
-------+----------+-------------------------------------------
     0 | D:1      | Araneus the Demonspawn Fighter began the quest for the Orb.
     0 | D:1      | Reached XP level 1. HP: 18/18 MP: 1/1
    98 | D:1      | Reached skill level 2 in Maces & Flails
   393 | D:1      | Gained mutation: You regenerate magic rapidly. [demonic
                  | ancestry]
   393 | D:1      | Reached XP level 2. HP: 24/24 MP: 2/2
   771 | D:2      | Reached skill level 3 in Maces & Flails
   791 | D:2      | Reached XP level 3. HP: 27/29 MP: 3/3
  1320 | D:2      | Found a faded altar of an unknown god.
  1853 | D:3      | Reached XP level 4. HP: 33/35 MP: 4/4
  1994 | D:3      | Reached skill level 4 in Maces & Flails
  2179 | D:3      | Found a runed translucent door.
  2180 | D:3      | Noticed Plasmagod's ghost (weakling HOMo)
  2315 | D:3      | Killed Plasmagod's ghost
  2392 | D:4      | Reached XP level 5. HP: 37/41 MP: 5/5
  2440 | D:4      | Reached skill level 5 in Maces & Flails
  3631 | D:5      | Entered Level 5 of the Dungeon
  3694 | D:5      | Noticed Sigmund
  3744 | D:5      | Found a shimmering altar of Xom.
  3756 | D:5      | Reached XP level 6. HP: 22/47 MP: 6/6
  3756 | D:5      | Noticed Grinder
  3770 | D:5      | Paralysed by Grinder for 3 turns
  3770 | D:5      | Slain by Grinder

Illustrated notes

Levels and vault maps discovered:
D:1:      minmay_arrival_up_and_down, layout_loops_ring
D:2:      layout_rooms, dilly_ecumenical_altar_fadedgnrine, nicolae_wormholes
D:3:      layout_loops_ring, gammafunk_ghost_grave, minmay_pentangle
D:4:      layout_loops_corners, old_standard_altar, minmay_strange_pillars
D:5:      layout_cave_pools, overflow_temple_1_default, xom_confusion_cloud,
          nrook_mini_backslash, serial_bayou_pond_c, uniq_sigmund, uniq_grinder,
          uniq_ijyb, uniq_duvessa, uniq_crazy_yiuf_cottage, uniq_pikel

Skill      XL: |  1  2  3  4  5 |
---------------+----------------+-----
Maces & Flails | 2 3 4 5 |  5.9
Fighting       | |  3.0
Armour         | |  2.6
Shields        | |  2.6

Action                   |  1- 3 |  4- 6 || total
-------------------------+-------+-------++-------
Melee: Flail             |   141 |    89 ||   230
  Use: Potion            |     1 |     4 ||     5
       Scroll            |       |     4 ||     4
Armor: Scale mail        |    29 |       ||    29
       Chain mail        |    41 |    54 ||    95
Dodge: Dodged            |    56 |    30 ||    86
Block: Buckler           |    41 |    22 ||    63

Table legend: (Time is in decaauts)
 A = Elapsed time spent in this place.
 B = Non-inter-level travel time spent in this place.
 C = Inter-level travel time spent in this place.
 D = Time resting spent in this place.
 E = Time spent auto-exploring this place.
 F = Levels seen in this place.
 G = Mean time per level.
                   A        B        C        D        E       F      G
               +--------+--------+--------+--------+--------+-----+--------+
         Total |   3825 |   3716 |    109 |    172 |   2933 |   5 |  765.0 |
       Dungeon |   3825 |   3716 |    109 |    172 |   2933 |   5 |  765.0 |
               +--------+--------+--------+--------+--------+-----+--------+

Top non-repeatable levels by time:
     D:4: 1276 daAuts
     D:3: 994 daAuts
     D:1: 751 daAuts
     D:2: 687 daAuts
     D:5: 116 daAuts
